 Dungeon Crawl Stone Soup version 0.30-a0-823-geb93a13fce (webtiles) character file.

Game seed: 16049108439398521089

1360 retardedninja the Shield-Bearer (level 8, 0/67 HPs)
             Began as a Gnoll Fighter on Feb 27, 2023.
             Was an Initiate of Gozag.
             Slain by a two-headed ogre
             ... wielding a +0 giant club
              (15 damage)
             ... on level 5 of the Dungeon.
             The game lasted 00:06:38 (5129 turns).

retardedninja the Shield-Bearer (Gnoll Fighter)     Turns: 5129, Time: 00:06:39

Health: 0/67       AC: 15    Str: 18    XL:     8   Next: 64%
Magic:  13/13      EV:  8    Int:  7    God:    Gozag
Gold:   220        SH:  0    Dex: 12    Spells: 14/14 levels left

rFire   . . .      SeeInvis .    a - +0 flail
rCold   . . .      Faith    .    c - +0 buckler
rNeg    . . .      Spirit   .    i - +0 chain mail
rPois   .          Reflect  .    y - +2 hat
rElec   .          Harm     .    h - +0 cloak
rCorr   .          Rampage  .    (no gloves)
Will    .....                    l - +0 pair of boots Stlth
                                 (no amulet)
HPRegen 0.31/turn                (no ring)
MPRegen 0.13/turn                (no ring)

@: confused, ambrosia-drunk
A: fangs 1, strong nose, distributed training
a: Renounce Religion, Potion Petition, Call Merchant, Bribe Branch


You were on level 5 of the Dungeon.
You worshipped Gozag.
Gozag was aware of your devotion.
You visited 2 branches of the dungeon, and saw 6 of its levels.
You also visited: Sewer.

You collected 320 gold pieces.
You paid 100 gold pieces to Gozag.

Inventory:

Hand Weapons
 a - a +0 flail (weapon)
Armour
 c - a +0 buckler (worn)
 h - a +0 cloak (worn)
 i - a +0 chain mail (worn)
 l - a +0 pair of boots (worn)
 y - a +2 hat (worn)
Wands
 o - a wand of paralysis (6)
Scrolls
 b - 4 scrolls of teleportation {unknown}
 d - 2 scrolls of fog {unknown}
 e - 6 scrolls of identify {unknown}
 m - 2 scrolls of magic mapping {unknown}
 p - a scroll of amnesia {unknown}
 r - a scroll of poison {unknown}
 s - 2 scrolls of blinking {unknown}
 t - a scroll of fear {unknown}
 v - 2 scrolls of immolation {unknown}
 x - a scroll of butterflies {unknown}
 A - a scroll of noise {unknown}
Potions
 f - 3 potions of heal wounds {unknown}
 j - 2 potions of berserk rage {unknown}
 k - a potion of attraction {unknown}
 n - 2 potions of curing {unknown}
 q - a potion of mutation {unknown}
 u - a potion of degeneration {unknown}
 w - 2 potions of flight {unknown}
 z - a potion of magic {unknown}
 B - a potion of haste {unknown}


   Skills:
 + Level 7.5 Fighting
 + Level 3.6 Short Blades
 + Level 3.6 Long Blades
 + Level 3.6 Axes
 + Level 5.9 Maces & Flails
 + Level 3.6 Polearms
 + Level 3.6 Staves
 + Level 3.6 Ranged Weapons
 + Level 3.6 Throwing
 + Level 7.5 Armour
 + Level 3.6 Dodging
 + Level 3.6 Stealth
 + Level 7.5 Shields
 + Level 3.6 Unarmed Combat
 + Level 3.6 Spellcasting
 + Level 2.9 Conjurations
 + Level 2.9 Hexes
 + Level 2.9 Summonings
 + Level 2.9 Necromancy
 + Level 2.9 Translocations
 + Level 2.9 Transmutations
 + Level 2.9 Fire Magic
 + Level 2.9 Ice Magic
 + Level 2.9 Air Magic
 + Level 2.9 Earth Magic
 + Level 2.9 Poison Magic
 + Level 4.0 Invocations
 + Level 3.6 Evocations


You had 14 spell levels left.
You didn't know any spells.
Your spell library contained the following spells:

 Spells                   Type           Power      Damage    Failure   Level
 Apportation              Tloc           10%        N/A       77%         1
 Beastly Appendage        Tmut           10%        N/A       77%         1
 Wereblood                Tmut           5%         N/A       88%         2
 Gell's Gravitas          Tloc           5%         N/A       98%         3
 Ozocubu's Armour         Ice            5%         N/A       98%         3
 Spider Form              Tmut/Pois      5%         N/A       98%         3
 Stone Arrow              Conj/Erth      10%        3d7       98%         3
 Teleport Other           Tloc           5%         N/A       98%         3
 Animate Armour           Summ/Erth      10%        N/A       100%        4
 Cause Fear               Hex            2%         N/A       100%        4
 Alistair's Intoxication  Tmut/Pois      3%         N/A       100%        5
 Dispersal                Tloc           2%         N/A       100%        6
 Dragon Form              Tmut           2%         N/A       100%        7
 Ozocubu's Refrigeration  Ice            2%         4d8       100%        7
 Lehudib's Crystal Spear  Conj/Erth      2%         10d2      100%        8
 Dragon's Call            Summ           2%         N/A       100%        9


Dungeon Overview and Level Annotations

Branches:
Dungeon (5/15)             Temple (1/1) D:5           Sewer (visited)

Altars:
Dithmenos
Elyvilon
Fedhas
Gozag
Kikubaaqudgha
Makhleb
Nemelex Xobeh
Okawaru
Uskayaw
Wu Jian
Yredelemnul
Zin
The Shining One

Shops:
D:1 ?

Annotations:
D:5 4 runed translucent doors


Innate Abilities, Weirdness & Mutations

You have very sharp teeth.
Your uncanny sense of smell can sniff out nearby items.
Your experience applies equally to all skills.


Message History

You are confused.
You feel invigorated.
The two-headed ogre hits you with a +0 giant club.
The two-headed ogre hits you with a +0 giant spiked club!
You bump into the rock wall.
You bump into the rock wall.
The two-headed ogre hits you with a +0 giant club!!
* * * LOW HITPOINT WARNING * * *
The two-headed ogre barely misses you.
You sock the two-headed ogre!
The two-headed ogre is lightly wounded.
The two-headed ogre hits you with a +0 giant club!
* * * LOW HITPOINT WARNING * * *
The two-headed ogre hits you with a +0 giant spiked club.
* * * LOW HITPOINT WARNING * * *
You hit the two-headed ogre but do no damage.
The two-headed ogre is lightly wounded.
The two-headed ogre hits you with a +0 giant club.
* * * LOW HITPOINT WARNING * * *
The two-headed ogre barely misses you.
Okay, then.
You are too confused!
You are more confused.
You feel more invigorated.
You completely miss the two-headed ogre.
The two-headed ogre is lightly wounded.
The two-headed ogre hits you but does no damage.
The two-headed ogre closely misses you.
You bump into the rock wall.
The two-headed ogre hits you with a +0 giant club.
* * * LOW HITPOINT WARNING * * *
The two-headed ogre hits you with a +0 giant spiked club!
* * * LOW HITPOINT WARNING * * *
You closely miss the two-headed ogre.
You bite the two-headed ogre, but do no damage.
The two-headed ogre is lightly wounded.
You bump into the rock wall.
The two-headed ogre barely misses you.
The two-headed ogre hits you with a +0 giant spiked club!
You die...
Your body crumbles into a pile of gold.

..........# ∆
#........
......)...#
+.##++##.
..........# ### .8#
..........## ∆ .8#
.<.........# ∆ ./#
###.....#..# ∆ ..|#
#.....#.##∆ ∆ .$8#
###.....#.# #####
..8# ........#[#
#@'.##++##.
###.......#
#O##........
..........# ##
#...#####
####.####.##
##........ .....#
#..######...######
#....# ##..........#
#.#.## ##.######.##
..#.# #........#
#.#.#######.########


You could see a two-headed ogre.

Vanquished Creatures
  Pargi (Sewer)
  An ogre (D:5)
  3 scorpions (D:5)
  5 necrophages
  A wight (D:5)
  A bullfrog zombie (D:5)
  A centaur zombie (D:5)
  A human zombie (D:5)
  A jelly (D:4)
  A gnoll bouda (D:5)
  A scorpion zombie (D:5)
  3 iguanas (D:5)
  An orc wizard (D:4)
  A hound zombie (D:5)
  A hound skeleton (D:4)
  3 mummies (D:5)
  8 gnolls (D:5)
  A river rat (D:5)
  8 adders
  A white imp (D:5)
  4 worms
  A dart slug (D:3)
  13 orcs
  6 bats
  9 endoplasms
  3 giant cockroaches
  8 goblins
  6 hobgoblins
  9 jackals
  7 quokkas
  11 ball pythons
  7 frilled lizards
  3 kobolds
  6 rats
137 creatures vanquished.

Notes
Turn   | Place    | Note
-------+----------+-------------------------------------------
     0 | D:1      | retardedninja the Gnoll Fighter began the quest for the
                  | Orb.
     0 | D:1      | Reached XP level 1. HP: 23/23 MP: 1/1
   239 | D:1      | Found Baaruit's Magic Scroll Emporium.
   242 | D:1      | Reached XP level 2. HP: 27/29 MP: 2/2
   835 | D:2      | Reached XP level 3. HP: 17/35 MP: 3/3
   957 | D:2      | Reached skill level 1 in Invocations
  1389 | D:2      | Reached skill level 1 in Short Blades
  1389 | D:2      | Reached skill level 1 in Long Blades
  1389 | D:2      | Reached skill level 1 in Axes
  1389 | D:2      | Reached skill level 1 in Polearms
  1389 | D:2      | Reached skill level 1 in Staves
  1389 | D:2      | Reached skill level 1 in Ranged Weapons
  1389 | D:2      | Reached skill level 1 in Throwing
  1389 | D:2      | Reached skill level 1 in Dodging
  1389 | D:2      | Reached skill level 1 in Stealth
  1389 | D:2      | Reached skill level 1 in Unarmed Combat
  1389 | D:2      | Reached skill level 1 in Spellcasting
  1389 | D:2      | Reached skill level 1 in Evocations
  1564 | D:2      | Reached XP level 4. HP: 40/41 MP: 5/5
  1813 | D:3      | Reached skill level 1 in Conjurations
  1813 | D:3      | Reached skill level 1 in Hexes
  1813 | D:3      | Reached skill level 1 in Summonings
  1813 | D:3      | Reached skill level 1 in Necromancy
  1813 | D:3      | Reached skill level 1 in Translocations
  1813 | D:3      | Reached skill level 1 in Transmutations
  1813 | D:3      | Reached skill level 1 in Fire Magic
  1813 | D:3      | Reached skill level 1 in Ice Magic
  1813 | D:3      | Reached skill level 1 in Air Magic
  1813 | D:3      | Reached skill level 1 in Earth Magic
  1813 | D:3      | Reached skill level 1 in Poison Magic
  1877 | D:3      | Found a faded altar of an unknown god.
  1925 | D:3      | Noticed a necrophage
  1936 | D:3      | Killed a necrophage
  1937 | D:3      | Reached XP level 5. HP: 45/47 MP: 5/7
  2240 | D:3      | Found a hide-covered altar of Uskayaw.
  2866 | D:4      | Found a burning altar of Makhleb.
  2880 | D:4      | Reached skill level 5 in Maces & Flails
  2880 | D:4      | Reached XP level 6. HP: 53/53 MP: 7/9
  3244 | D:5      | Entered Level 5 of the Dungeon
  3383 | D:5      | Found a glowing drain.
  3404 | Sewer    | Entered a sewer
  3497 | Sewer    | Noticed Pargi
  3509 | Sewer    | Killed Pargi
  3510 | Sewer    | Reached XP level 7. HP: 60/60 MP: 10/10
  3683 | D:5      | Reached XP level 8. HP: 28/67 MP: 12/12
  4057 | D:5      | Found an ancient bone altar of Kikubaaqudgha.
  4223 | D:5      | Found a blossoming altar of Fedhas.
  4859 | D:5      | Found a staircase to the Ecumenical Temple.
  4925 | D:5      | Found a large runed translucent door.
  4925 | D:5      | Found a large runed translucent door.
  4982 | Temple   | Entered the Ecumenical Temple
  4989 | Temple   | Became a worshipper of Gozag Ym Sagoz the Greedy
  5084 | D:5      | Found a large runed translucent door.
  5084 | D:5      | Found a large runed translucent door.
  5118 | D:5      | Noticed a two-headed ogre
  5129 | D:5      | Slain by a two-headed ogre

Illustrated notes

Levels and vault maps discovered:
D:1:      spicycebolla_arrival_clurvy, layout_basic, serial_shops, shop
D:2:      layout_basic, minmay_vboxes
D:3:      minmay_recursive_quarters, layout_rooms,
          eat_drink_and_be_merry_uskayaw, hellmonk_ecumenical_altar_zigzags,
          roderic_roman_lattice
D:4:      nicolae_cairo_tiling_large, layout_gridville,
          makhleb_blood_cavern_becter
D:5:      layout_basic, fedhas_altar_1, lemuel_mausoleum_altar_kikubaaqudgha,
          minmay_temple_entry_enclosed_plants, gup_sewer_entry_spiral,
          minmay_hollow_rounded_squares
Temple:   nicolae_temple_x_marks_the_god

Skill      XL: |  1  2  3  4  5  6  7  8 |
---------------+-------------------------+-----
Invocations    | 1 2 3 4 |  4.0
Short Blades   | 1 2 3 |  3.6
Long Blades    | 1 2 3 |  3.6
Axes           | 1 2 3 |  3.6
Polearms       | 1 2 3 |  3.6
Staves         | 1 2 3 |  3.6
Ranged Weapons | 1 2 3 |  3.6
Throwing       | 1 2 3 |  3.6
Dodging        | 1 2 3 |  3.6
Stealth        | 1 2 3 |  3.6
Unarmed Combat | 1 2 3 |  3.6
Spellcasting   | 1 2 3 |  3.6
Evocations     | 1 2 3 |  3.6
Conjurations   | 1 2 |  2.9
Hexes          | 1 2 |  2.9
Summonings     | 1 2 |  2.9
Necromancy     | 1 2 |  2.9
Translocations | 1 2 |  2.9
Transmutations | 1 2 |  2.9
Fire Magic     | 1 2 |  2.9
Ice Magic      | 1 2 |  2.9
Air Magic      | 1 2 |  2.9
Earth Magic    | 1 2 |  2.9
Poison Magic   | 1 2 |  2.9
Maces & Flails | 5 |  5.9
Fighting       | 7 |  7.5
Armour         | 7 |  7.5
Shields        | 7 |  7.5

Action                     |  1- 3 |  4- 6 |  7- 9 || total
---------------------------+-------+-------+-------++-------
  Melee: Flail             |   118 |   237 |   214 ||   569
         Bite              |     8 |    26 |    31 ||    65
  Evoke: Wand              |       |     2 |       ||     2
    Use: Potion            |       |     1 |     4 ||     5
   Stab: Paralysed         |       |     9 |       ||     9
 Armour: Scale mail        |    18 |       |       ||    18
         Chain mail        |    48 |   154 |    95 ||   297
  Dodge: Dodged            |    38 |    94 |    79 ||   211
  Block: Buckler           |    25 |    76 |    56 ||   157

Table legend: (Time is in decaauts)
 A = Elapsed time spent in this place.
 B = Non-inter-level travel time spent in this place.
 C = Inter-level travel time spent in this place.
 D = Time resting spent in this place.
 E = Time spent auto-exploring this place.
 F = Levels seen in this place.
 G = Mean time per level.
                   A        B        C        D        E       F      G
               +--------+--------+--------+--------+--------+-----+--------+
         Total |   5282 |   5131 |    151 |    936 |   2993 |   7 |  754.6 |
       Dungeon |   5118 |   4967 |    151 |    936 |   2947 |   5 | 1023.6 |
        Temple |     16 |     16 |      0 |      0 |      3 |   1 |   16.0 |
         Sewer |    147 |    147 |      0 |      0 |     42 |   1 |  147.0 |
               +--------+--------+--------+--------+--------+-----+--------+

Top non-repeatable levels by time:
     D:5: 1820 daAuts
     D:2: 1022 daAuts
     D:4: 807 daAuts
     D:3: 735 daAuts
     D:1: 733 daAuts
   Sewer: 147 daAuts
  Temple: 16 daAuts
